AoeStats
← BelzeBulle

Arabia

503461557Analyzed
1v1 RM · 1mo ago on Aug 31, 2026· 17m 44s· 2 players
Game mode
Random Map
Map size
Tiny (2 player)
Population
200
Speed
Normal
Resources
Standard
Victory
Conquest
Starting age
Dark Age
Ending age
Imperial Age
RankedLock teamsTeams togetherTeam positionsShared explorationLock speedFull tech treeHidden civsTurbo modeCheats
Victory
Defeat
🇦🇷 Slavs · Argentina
455
+15
🇧🇪 Bulgarians · Belgium
437
-15
BelzeBulle
12:16 Feudal Age
13:58 Wheelbarrow
16:29 Bloodlines
16:24 Scale Mail Armor
THEQUEENSIL
8:29 Loom
10:52 Feudal Age
12:20 Double-Bit Axe
12:02 Man-at-Arms
12:57 Forging
Connection lost

Rejoining the realm…

Still unreachable

The connection could not be restored.

Session expired

The server has moved on; the page needs a fresh start.